 Dungeon Crawl Stone Soup version 0.29.1-15-g9cfb28693d (webtiles) character file.

Game seed: 113523765645342094

165 Hugehornet the Shield-Bearer (level 5, -5/41 HPs)
             Began as a Human Fighter on Mar 20, 2023.
             Slain by Robin
             ... wielding a +1 vorpal spear
              (6 damage)
             ... on level 3 of the Dungeon.
             The game lasted 00:03:35 (2884 turns).

Hugehornet the Shield-Bearer (Human Fighter)        Turns: 2884, Time: 00:03:37

Health: -5/41      AC: 10    Str: 17    XL:     5   Next: 74%
Magic:  5/5        EV:  9    Int: 10    God:
Gold:   151        SH:  5    Dex: 12    Spells: 4/4 levels left

rFire   . . .      SeeInvis .   a - +0 flail
rCold   . . .      Faith    .   c - +0 buckler
rNeg    . . .      Spirit   .   b - +0 scale mail
rPois   .          Reflect  .   g - +2 helmet
rElec   .          Harm     .   (no cloak)
rCorr   .          Rampage  .   (no gloves)
Will    .....                   (no boots)
Stlth   ..........              (no amulet)
HPRegen 0.13/turn               (no ring)
MPRegen 0.09/turn               (no ring)

@: mighty
A: no striking features
a: no special abilities


You were on level 3 of the Dungeon.
You visited 1 branch of the dungeon, and saw 3 of its levels.

You collected 151 gold pieces.

Inventory:

Hand Weapons
 a - a +0 flail (weapon)
Armour
 b - a +0 scale mail (worn)
 c - a +0 buckler (worn)
 g - a +2 helmet (worn)
Wands
 n - a wand of flame (16)
Scrolls
 e - a scroll of identify {unknown}
 f - a scroll of torment {unknown}
 l - a scroll of blinking {unknown}
 m - a scroll of fear {unknown}
 p - a scroll of teleportation {unknown}
 q - a scroll of silence {unknown}
 s - a scroll of enchant weapon {unknown}
Potions
 d - 2 potions of might
 h - a potion of lignification {unknown}
 i - 2 potions of invisibility {unknown}
 j - a potion of heal wounds
 k - 2 potions of haste {unknown}
 o - a potion of flight {unknown}
 r - a potion of magic {unknown}
 t - a potion of degeneration {unknown}


   Skills:
 - Level 3.0 Fighting
 * Level 3.5 Maces & Flails
 * Level 4.1 Armour
 * Level 4.2 Shields


You had 4 spell levels left.
You didn't know any spells.
Your spell library contained the following spells:

 Spells                   Type           Power      Damage    Failure   Level
 Magic Dart               Conj           0%         1d3       85%         1
 Necrotise                Necr           0%         1d4       85%         1
 Summon Small Mammal      Summ           0%         N/A       85%         1
 Call Imp                 Summ           0%         N/A       94%         2
 Call Canine Familiar     Summ           0%         N/A       99%         3
 Mephitic Cloud           Conj/Pois/Air  0%         N/A       99%         3
 Summon Guardian Golem    Hex/Summ       0%         N/A       99%         3
 Vampiric Draining        Necr           0%         2d6       99%         3
 Agony                    Necr           0%         N/A       100%        5


Dungeon Overview and Level Annotations

Branches:
Dungeon (3/15)

Altars:

Annotations:
D:3 Robin


Message History

You completely miss the kobold. You block the kobold's attack.
You sock the kobold!
You kill the kobold!
The goblin hits you but does no damage.
You writhe in agony.
You sock the goblin!
You kill the goblin!
The kobold throws a poisoned dart.
The poisoned dart hits you.
You are poisoned.
You sock the goblin!
You kill the goblin!
You feel sick.
The kobold throws a poisoned dart.
The poisoned dart hits you!
You are more poisoned.
You barely miss the quokka.
You feel very sick. The quokka barely misses you.
You sock the quokka!
You kill the quokka!
You feel very sick. The kobold hits you but does no damage.
You closely miss the kobold.
You feel sick. The kobold barely misses you.
You thump the kobold!
You kill the kobold!
You feel sick. The jackal bites you.
You closely miss the jackal.
You feel sick.
Robin hits you from afar with a +1 vorpal spear.
* * * LOW HITPOINT WARNING * * *
x2 The jackal bites you but does no damage.
You thump the jackal!
You kill the jackal!
You feel sick.
Robin hits you from afar with a +1 vorpal spear.
* * * LOW HITPOINT WARNING * * *
x2 The hobgoblin barely misses you.
Robin barely misses you.
You thump the hobgoblin!
You kill the hobgoblin!
* * * LOW HITPOINT WARNING * * *
You feel sick.
You are no longer poisoned.
Robin hits you from afar with a +1 vorpal spear.
You die...

# ###...##.##....##.##
###.....###..#..###
#######...####.##.. .
##.....###...#..#... ..
#........###...## #. ...
#..........###.# ## ...
#...........<#.## # . .r
#..........#...# #
....#.##@..##...##...## #
......g)###########...###
####..#)# #...... ## ..#
#...... ...# #......
#...# #...... #...#
####### #...# ..#.#


You could see Robin.

Vanquished Creatures
  A hound (D:3)
  4 adders
  2 worms
  4 dart slugs
  An orc (D:3)
  5 endoplasms
  5 giant cockroaches
  12 goblins
  6 hobgoblins
  8 jackals
  6 kobolds
  4 quokkas
  5 ball pythons
  4 bats
  5 frilled lizards
  7 rats
79 creatures vanquished.

Notes
Turn   | Place    | Note
-------+----------+-------------------------------------------
     0 | D:1      | Hugehornet the Human Fighter began the quest for the Orb.
     0 | D:1      | Reached XP level 1. HP: 18/18 MP: 1/1
   123 | D:1      | Found a faded altar of an unknown god.
   146 | D:1      | Reached XP level 2. HP: 6/24 MP: 2/2
   655 | D:1      | Reached XP level 3. HP: 29/29 MP: 3/3
  1550 | D:2      | Reached XP level 4. HP: 30/35 MP: 4/4
  2330 | D:3      | Reached XP level 5. HP: 38/41 MP: 5/5
  2840 | D:3      | Noticed Robin
  2871 | D:3      | HP: 1/41 [goblin/+1 long sword of pain[Robin] (3)]
  2883 | D:3      | HP: 2/41 [Robin/+1 vorpal spear (1)]
  2884 | D:3      | Slain by Robin

Illustrated notes

Levels and vault maps discovered:
D:1:      nicolae_arrival_washed_ashore, layout_basic,
          hellmonk_ecumenical_altar_dog_temple
D:2:      layout_basic, nrook_mini_vaults, minmay_vboxes
D:3:      minmay_skewed_foursquare, layout_rooms, kennysheep_jessica_study,
          uniq_robin

Skill      XL: |  1  2  3  4 |
---------------+-------------+-----
Maces & Flails | 3 |  3.5
Armour         | 4 |  4.1
Shields        | 4 |  4.2
Fighting       | |  3.0

Action                   |  1- 3 |  4- 6 || total
-------------------------+-------+-------++-------
Melee: Flail             |   109 |   137 ||   246
  Use: Potion            |       |     2 ||     2
Armor: Scale mail        |    78 |    87 ||   165
Dodge: Dodged            |    55 |    99 ||   154
Block: Buckler           |    27 |    48 ||    75
